 Dungeon Crawl Stone Soup version bcrawl-1.38.2 (webtiles) character file.

Game seed: 13294841228690197308

270186 AlmostAGhost the Skirmisher (level 7, 0/58 HPs)
             Began as a Demonspawn Abyssal Knight on May 6, 2023.
             Was a Priest of Lugonu.
             Slain by an orc
             ... wielding a +0 trident
              (7 damage)
             ... on level 4 of the Dungeon.
             The game lasted 00:08:30 (3655 turns).

AlmostAGhost the Skirmisher (DsAK)                  Turns: 3655, Time: 00:08:31

Health: 0/58       AC:  9    Str: 15    XL:     7   Next: 96%
Magic:  9/9        EV: 12    Int: 12    God:    Lugonu [***...]
Gold:   254        SH:  1    Dex: 13    Spells: 6/6 levels left

rFire    . . .     GDR:     28% a - +0 long sword
rCold    . . .     SeeInvis .   (no shield)
rNeg     . . .     Gourm    .   b - +0 ring mail
rPois    .         Faith    .   (helmet restricted)
rElec    .         Spirit   .   (no cloak)
rCorr    .         Reflect  .   v - +0 pair of gloves
MR       .....                  (no boots)
Stlth    ++........             (no amulet)
HPRegen  0.19/turn              (no ring)
MPRegen  0.11/turn              (no ring)

@: no status effects
A: antennae 2, rugged brown scales 2, nightstalker 1, powered by pain 1
a: Depart the Abyss, Bend Space, Banish, Renounce Religion


You were on level 4 of the Dungeon.
You worshipped Lugonu.
Lugonu was most pleased with you.
You were near starving.

You visited 1 branch of the dungeon, and saw 4 of its levels.
You visited the Abyss 1 time.

You collected 254 gold pieces.

Inventory:

Hand Weapons
 a - a +0 long sword (weapon)
Missiles
 c - 10 tomahawks of dispersal {=f}
 d - 1043 stones (quivered)
Armour
 b - a +0 ring mail (worn)
 v - a +0 pair of gloves (worn)
Jewellery
 o - an uncursed amulet of faith {unknown}
 r - a +5 ring of dexterity {unknown}
Scrolls
 f - 2 scrolls of amnesia {unknown}
 g - 5 scrolls of magic mapping {unknown}
 h - 2 scrolls of enchant armour {unknown}
 i - 5 scrolls of identify
 l - a scroll of blinking {unknown}
 m - a scroll of fog {unknown}
 p - a scroll of teleportation {unknown}
 s - a scroll of remove curse {unknown}
Potions
 j - 2 potions of degeneration {unknown}
 k - a potion of flight {unknown}
 n - a potion of magic {unknown}
 q - a potion of agility {unknown}
Comestibles
 e - 5 rations {!d}


   Skills:
 + Level 5.6 Fighting
 + Level 5.1 Long Blades
 + Level 0.8 Throwing
 + Level 4.1 Armour
 + Level 3.2 Dodging
 + Level 1.0 Stealth
 + Level 2.7 Invocations


You had 6 spell levels left.
You didn't know any spells.
Your spell library was empty.

Dungeon Overview and Level Annotations

Branches:
Dungeon (4/12)
 Temple: D:4-7

Altars:
Dithmenos
Gozag
Nemelex Xobeh
Okawaru

Annotations:
D:4 1 runed translucent door


Innate Abilities, Weirdness & Mutations

You have a pair of antennae on your head.
You are mostly covered in rugged brown scales. (AC +2, +5% HP)
You are slightly more attuned to the shadows.
You sometimes gain a little power by taking damage.


Message History

The worker ant is severely wounded.
You block the orc's attack.
The worker ant bites you but does no damage.
You barely miss the worker ant.
The worker ant is severely wounded.
The centaur closely misses you. The worker ant closely misses you.
The orc hits you but does no damage.
You barely miss the worker ant.
The worker ant is severely wounded.
The worker ant closely misses you.
The centaur hits you with a cursed -1 shortbow.
* * * LOW HITPOINT WARNING * * *
The orc hits you but does no damage.
The worker ant bites you but does no damage.
You slash the worker ant!
You kill the worker ant!
Lugonu accepts your kill. The centaur misses you.
The orc hits you from afar with a +0 trident!
You die...

{{ #... ....
#########...
###........##.
####.........##..
##c..........###..
#@Wo..............
###...............
#.#..............
#....##.#.........
##......#.......#.
##.............#.
#.......##.#.#.#
#......o. #.......


You could see a phantom, a centaur and an orc.

Vanquished Creatures
  Grinder (D:3)
  Sigmund (D:2)
  A sky beast (D:3)
  A black bear (D:3)
  A centaur (D:3)
  A howler monkey (D:4)
  A crimson imp (D:4)
  A bullfrog zombie (D:3)
  2 hounds
  2 orc wizards (D:3)
  A worker ant (D:4)
  Terence (D:2)
  3 gnolls (D:4)
  5 adders (D:3)
  2 oozes
  An adder zombie (D:3)
  3 worms (D:3)
  A dart slug (D:2)
  4 leopard geckos
  7 orcs
  5 giant cockroaches
  A goblin (D:2)
  8 hobgoblins
  A jackal (D:3)
  4 quokkas
  3 bats
  8 frilled lizards
  A jackal skeleton (D:4)
  9 kobolds
  6 rats
86 creatures vanquished.

Notes
Turn   | Place    | Note
-------+----------+-------------------------------------------
     0 | Abyss:1  | AlmostAGhost the Demonspawn Abyssal Knight began the quest
                  | for the Orb.
     0 | Abyss:1  | Reached XP level 1. HP: 18/18 MP: 2/2
   129 | D:1      | Escaped the Abyss
   492 | D:1      | Gained mutation: You sometimes gain a little power by
                  | taking damage. [demonic ancestry]
   492 | D:1      | Reached XP level 2. HP: 24/24 MP: 4/4
   738 | D:2      | Reached skill level 1 in Dodging
   850 | D:2      | Gained mutation: You are partially covered in rugged brown
                  | scales. (AC +1, +3% HP) [demonic ancestry]
   850 | D:2      | Reached XP level 3. HP: 24/30 MP: 5/5
   870 | D:2      | Noticed Sigmund
   883 | D:2      | Killed Sigmund
   883 | D:2      | Reached ** piety under Lugonu
   884 | D:2      | Gained mutation: You have a pair of small antennae on your
                  | head. [demonic ancestry]
   884 | D:2      | Reached XP level 4. HP: 16/39 MP: 6/6
   884 | D:2      | Gained mutation: You are slightly more attuned to the
                  | shadows. [demonic ancestry]
   884 | D:2      | Reached XP level 5. HP: 18/44 MP: 7/7
  1246 | D:2      | Noticed Terence
  1262 | D:2      | Killed Terence
  1645 | D:3      | Reached skill level 5 in Fighting
  1645 | D:3      | Gained mutation: You are mostly covered in rugged brown
                  | scales. (AC +2, +5% HP) [demonic ancestry]
  1645 | D:3      | Reached XP level 6. HP: 19/53 MP: 8/8
  1753 | D:3      | Noticed Grinder
  1790 | D:3      | Killed Grinder
  1982 | D:3      | Gained mutation: You have a pair of antennae on your head.
                  | [demonic ancestry]
  1982 | D:3      | Reached XP level 7. HP: 23/58 MP: 9/9
  2350 | D:3      | Found a sparkling altar of Nemelex Xobeh.
  2350 | D:3      | Found an opulent altar of Gozag.
  2451 | D:3      | Found a faded altar of an unknown god.
  2768 | D:3      | Found an iron altar of Okawaru.
  2768 | D:3      | Found a shadowy altar of Dithmenos.
  3550 | D:4      | Reached skill level 5 in Long Blades
  3556 | D:4      | Found a runed translucent gate.
  3609 | D:4      | Reached skill level 1 in Stealth
  3637 | D:4      | Reached *** piety under Lugonu
  3655 | D:4      | Slain by an orc

Skill      XL: |  1  2  3  4  5  6  7 |
---------------+----------------------+-----
Dodging        | 1 2 3 |  3.2
Fighting       | 4 5 |  5.6
Long Blades    | 3 4 5 |  5.1
Armour         | 2 3 4 |  4.1
Stealth        | 1 |  1.0
Throwing       | |  0.8
Invocations    | |  2.7

Action                   |  1- 3 |  4- 6 |  7- 9 || total
-------------------------+-------+-------+-------++-------
Melee: Long sword        |    92 |   114 |   228 ||   434
  Use: Potion            |       |     3 |     1 ||     4
 Stab: Sleeping          |       |     1 |     2 ||     3
  Eat: Chunk             |     2 |     3 |    10 ||    15
       Ration            |     1 |       |       ||     1
Armor: Ring mail         |    39 |    29 |   121 ||   189
Dodge: Dodged            |    42 |    42 |   160 ||   244
Block: Other             |       |     1 |    11 ||    12
